 Dungeon Crawl Stone Soup version 0.17.1-3-g152610e (webtiles) character file.

243 Gargoyl the Skirmisher (level 5, -5/63 HPs)
             Began as a Demonspawn Abyssal Knight on Apr 23, 2016.
             Was a Believer of Lugonu.
             Killed from afar by Ijyb (12 damage)
             ... with a wand of lightning
             ... on level 3 of the Dungeon.
             The game lasted 00:05:04 (3031 turns).

Gargoyl the Skirmisher (Demonspawn Abyssal Knight)  Turns: 3031, Time: 00:05:04

Health: -5/63      AC: 22    Str: 14    XL:     5   Next: 82%
Magic:  0/7        EV:  2    Int: 13    God:    Lugonu [**....]
Gold:   36         SH:  0    Dex: 12    Spells: 0 memorised, 4 levels left

rFire  . . .     SeeInvis .     j - +0 war axe
rCold  . . .     Clarity  .     (armour currently unavailable)
rNeg   + + +     SustAt   .     (no shield)
rPois  +         Gourm    +     (helmet currently unavailable)
rElec  .         Spirit   +     (cloak currently unavailable)
rCorr  .         Warding  .     (gloves currently unavailable)
rMut   .         NoTele   +     (boots currently unavailable)
MR     .....                    n - amulet of the gourmand
Stlth  +.........               (no ring)
                                (no ring)

@: tree-form, not resistant to hostile enchantments, very unstealthy
A: magic shield, rot immunity
a: Depart the Abyss, Bend Space, Renounce Religion


You were on level 3 of the Dungeon.
You worshipped Lugonu.
Lugonu was pleased with you.
You were not hungry.
You were a tree.
You visited 1 branch of the dungeon, and saw 4 of its levels.
You visited the Abyss 1 time.

You collected 36 gold pieces.

Inventory:

Hand Weapons
 j - a +0 war axe (weapon)
Missiles
 k - 3 poisoned javelins (quivered)
Armour
 h - a +0 cloak (melded)
 l - a +2 hat (melded)
 t - a +0 scale mail (melded)
Jewellery
 n - an amulet of the gourmand (around neck)
Scrolls
 d - 3 scrolls of identify {unknown}
 i - a scroll of fear {unknown}
 p - a scroll of noise {unknown}
 q - a scroll of recharging {unknown}
 r - a scroll of enchant armour {unknown}
Potions
 b - a potion of magic {unknown}
 e - a potion of mutation {unknown}
 m - a potion of lignification
 o - a potion of resistance {unknown}
Comestibles
 a - a royal jelly
 c - 3 bread rations
 f - 2 beef jerkies
 g - 4 meat rations
 s - 4 fruits


   Skills:
 + Level 3.8 Fighting
 + Level 3.1 Axes
 + Level 0.1 Throwing
 * Level 2.8 Armour
 + Level 3.0 Dodging
 + Level 3.1 Invocations


You had 4 spell levels left.
You didn't know any spells.

Dungeon Overview and Level Annotations

Branches:
Dungeon (4/15)
 Temple: D:4-7

Altars:
Okawaru
Qazlal
Ru
The Shining One

Annotations:
D:3 Ijyb


Innate Abilities, Weirdness & Mutations

When hurt, damage is shared between your health and your magic reserves.
You are immune to rotting.


Message History

Okay, then.
Unknown command.
There is a large open door here.
As you open the large door, it creaks loudly!
There is a large open door here.
Ijyb the Twisted Goblin comes into view.
Ijyb shouts!
Found 10 gold pieces and 27 stones.
Ijyb zaps a wand.
The bolt of lightning misses you.
It is a wand of lightning.
Ijyb zaps a wand.
The bolt of lightning hits you!
Ouch! That really hurt!
Ijyb zaps a wand.
The bolt of lightning hits you!
* * * LOW HITPOINT WARNING * * *
Drink which item? (? for menu, Esc to quit)
It was a potion of lignification.
You turn into a tree.
Your +0 cloak melds into your body.
Your +2 hat melds into your body.
Your +0 scale mail melds into your body.
Your roots penetrate the ground.
Ijyb zaps a wand.
The bolt of lightning hits you!
You die...

#...........#..#.# #.# #
#.#.........#..#.###.########
#........÷.....#.....#.......
######......###........†......##
#............#..............)...
#.####.......##...............##
#.# #######.##..########.#..#..
#.# #................# #.#..#.#
#.# #.###.....♣g.....# #.#..#..
#.# #............# #.#..#.. #.#
#............# #.##.#.. #.#
#$...........# ###.. #.#
.............## #.. #.#
#...........(.# ..#.. #.#
#............... ..... ##.#
#.............#. ..#<. ...# #..


You could see Ijyb.

Vanquished Creatures
  An ogre (D:4)
  6 adders
  A white imp (Abyss:1)
  2 oozes (D:1)
  2 adder zombies (D:2)
  A giant gecko (D:2)
  An orc (D:3)
  11 bats
  8 goblins
  8 hobgoblins
  3 jackals (D:2)
  2 quokkas
  5 giant cockroaches
  2 giant newts
  9 kobolds
  10 rats
72 creatures vanquished.

Notes
Turn   | Place    | Note
--------------------------------------------------------------
     0 | Abyss:1  | Gargoyl the Demonspawn Abyssal Knight began the quest for the Orb.
     0 | Abyss:1  | Reached XP level 1. HP: 18/18 MP: 2/2
   136 | Abyss:1  | Noticed a bone dragon
   143 | Abyss:1  | Noticed a freezing wraith
   147 | Abyss:1  | Noticed a sixfirhy
   147 | D:1      | Escaped the Abyss
   317 | D:1      | Reached skill level 1 in Dodging
   324 | D:1      | Gained mutation: You are immune to rotting. [demonic ancestry]
   324 | D:1      | Reached XP level 2. HP: 24/24 MP: 3/3
   420 | D:1      | Reached * piety under Lugonu
   767 | D:1      | Reached XP level 3. HP: 26/29 MP: 5/5
  1283 | D:1      | Reached ** piety under Lugonu
  1837 | D:2      | Reached XP level 4. HP: 32/35 MP: 6/6
  2143 | D:2      | Found a sacrificial altar of Ru.
  2143 | D:2      | Found an iron altar of Okawaru.
  2144 | D:2      | Found a stormy altar of Qazlal.
  2386 | D:2      | You fall through a shaft for 2 floors!
  2386 | D:4      | Noticed an ogre
  2410 | D:4      | Killed an ogre
  2410 | D:4      | Gained mutation: When hurt, damage is shared between your health and your magic reserves. [demonic ancestry]
  2410 | D:4      | Reached XP level 5. HP: 29/42 MP: 7/7
  2718 | D:2      | Found a glowing golden altar of the Shining One.
  3025 | D:3      | Noticed Ijyb
  3031 | D:3      | Killed from afar by Ijyb

Action                   |  1- 3 |  4- 6 || total
-------------------------+-------+-------++-------
Melee: Hand axe          |   100 |       ||   100
       War axe           |    24 |   105 ||   129
Throw: Javelin           |       |     3 ||     3
Invok: Depart the Abyss  |     1 |       ||     1
  Use: Potion            |       |     1 ||     1
  Eat: Chunk             |     2 |     8 ||    10
